 Dungeon Crawl Stone Soup version 0.23-a0-650-ga4d50d4 (webtiles) character file.

74 Borgoz the Cutter (level 4, -5/29 HPs)
             Began as a Kobold Berserker on Jan 2, 2019.
             Was a Believer of Trog.
             Killed by divine providence
             ... invoked by an orc priest
              (13 damage)
             ... on level 3 of the Dungeon.
             The game lasted 00:06:55 (2011 turns).

Borgoz the Cutter (Kobold Berserker)                Turns: 2011, Time: 00:06:56

Health: -5/29      AC:  2    Str: 13 (14) XL:     4   Next: 54%
Magic:  4/4        EV: 16    Int:  6 (8)  God:    Trog [**....]
Gold:   56         SH:  0    Dex: 14 (15) Spells: 3/3 levels left

rFire    x . .     SeeInvis .   a - +0 short sword
rCold    + . .     Gourm    .   (shield restricted)
rNeg     . . .     Faith    .   b - +0 animal skin
rPois    .         Spirit   .   (no helmet)
rElec    .         Reflect  .   (no cloak)
rCorr    .         Harm     .   (no gloves)
MR       .....                  (no boots)
Stlth    +.........             (no amulet)
HPRegen  0.09/turn              i - ring of ice
MPRegen  0.09/turn              (no ring)

@: no status effects
A: small, carnivore
a: Berserk, Trog's Hand, Renounce Religion


You were on level 3 of the Dungeon.
You worshipped Trog.
Trog was pleased with you.
You were not hungry.

You visited 1 branch of the dungeon, and saw 3 of its levels.

You collected 56 gold pieces.

Inventory:

Hand Weapons
 a - a +0 short sword (weapon)
Armour
 b - a +0 animal skin (worn)
Jewellery
 i - a ring of ice (left hand)
Scrolls
 e - 3 scrolls of identify {unknown}
 h - a scroll of remove curse {unknown}
 j - 3 scrolls of teleportation {unknown}
 l - a scroll of noise {unknown}
Comestibles
 c - 5 rations


   Skills:
 + Level 4.0 Fighting
 + Level 4.7 Short Blades
 + Level 2.3 Armour
 + Level 3.3 Dodging


You had 3 spell levels left.
You didn't know any spells.
Your spell library was empty.

Dungeon Overview and Level Annotations

Branches:
Dungeon (3/15)

Altars:


Innate Abilities, Weirdness & Mutations

You are small and have problems with some larger weapons.
You are carnivorous and can eat meat at any time.


Message History

You kill the orc!
Trog accepts your kill.
You closely miss the orc. You hit the orc but do no damage.
The orc hits you with a +0 mace!
You hit the orc.
The orc is severely wounded.
The orc hits you with a +0 mace!
* * * LOW HITPOINT WARNING * * *
You hit the orc.
You kill the orc!
Trog accepts your kill.
The orc priest looks braver for a moment.
The orc priest looks satisfied for a moment.
Things that are here:
4 stones; a kobold corpse
Things that are here:
a +0 dagger; a kobold corpse The orc priest mumbles some strange prayers to Beogh against you.
Beogh smites you!
You die...

#########################
...(....................######
#####......############.#....#
....'......+.# #...........#
#####......#.#####.####.#.#..#
)........o)o..oo@....>#.#.#..#
######...#.......#.#..#.#.#..#
######...#.......#......#.#..####
o.o.o.....o......###.....<.......
#######'########## ########(.####
.o..o............. .......).#
.######........... #######..# ..
#..#.......# ##.# ..#
#..#.8...8.# #.#


You could see an orc priest and 4 orcs.

Vanquished Creatures
  Jessica (D:3)
  An ooze (D:1)
  A worm (D:2)
  A dart slug (D:1)
  2 orcs (D:3)
  A giant cockroach (D:1)
  5 goblins
  2 hobgoblins
  6 jackals
  9 kobolds
  3 bats (D:1)
  2 frilled lizards (D:2)
  3 rats
37 creatures vanquished.

Notes
Turn   | Place    | Note
-------+----------+-------------------------------------------
     0 | D:1      | Borgoz the Kobold Berserker began the quest for the Orb.
     0 | D:1      | Reached XP level 1. HP: 14/14 MP: 1/1
   249 | D:1      | Reached XP level 2. HP: 18/19 MP: 2/2
   641 | D:1      | Reached XP level 3. HP: 11/23 MP: 3/3
  1586 | D:2      | Reached ** piety under Trog
  1892 | D:3      | Noticed Jessica
  1907 | D:3      | Killed Jessica
  1907 | D:3      | Reached XP level 4. HP: 21/29 MP: 4/4
  2011 | D:3      | Killed from afar by an orc priest

Vault maps used:
D:1:      dpeg_chamrin_arrival_tetris
D:2:      minmay_randomly_rotated_circles, uniq_terence
D:3:      cheibrodos_pilgrimage, cheibrodos_ashenzari_chains,
          chequers_big_river, uniq_robin, uniq_jessica

Skill      XL: |  1  2  3 |
---------------+----------+-----
Dodging        | 3 |  3.3
Armour         | 2 |  2.3
Fighting       | 4 |  4.0
Short Blades   | |  4.7

Action                   |  1- 3 |  4- 6 || total
-------------------------+-------+-------++-------
Melee: Short sword       |   157 |    18 ||   175
  Use: Potion            |     4 |       ||     4
 Stab: Sleeping          |     1 |       ||     1
  Eat: Chunk             |     5 |       ||     5
Armor: Animal skin       |    18 |       ||    18
Dodge: Dodged            |   121 |    15 ||   136

Table legend:
 A = Non-vault XP
 B = Vault XP
 C = Vault XP percentage of total XP
 D = Non-vault monster count
 E = Vault monster count
 F = Vault count percentage of total count
                 A         B        C        D         E       F
            +---------+---------+-------+---------+---------+-------
      Total |      62 |      45 |  42.1 |      32 |       5 |  13.5
            +---------+---------+-------+---------+---------+-------
        D:1 |      38 |       0 |   0.0 |      18 |       0 |   0.0
        D:2 |      22 |       2 |   8.3 |      12 |       2 |  14.3
        D:3 |       2 |      43 |  95.6 |       2 |       3 |  60.0
            +---------+---------+-------+---------+---------+-------
